[Event "XVI Gran Hotel Bali 2017"]
[Site "Benidorm"]
[Date "2017.12.09"]
[Round "10"]
[White "Burguete Archel, Eduardo"]
[Black "Gromovs, Sergejs"]
[Result "0-1"]
[ECO "B54"]
[WhiteElo "2207"]
[BlackElo "2257"]
[Annotator "NA"]
[PlyCount "96"]
[EventDate "2017.??.??"]
[EventType "swiss"]
[EventCountry "ESP"]
[SourceTitle "playchess.com"]
[Source "ChessBase"]
[SourceQuality "1"]
[TimeControl "5400+30"]

1. e4 c5 2. Nf3 d6 3. d4 cxd4 4. Nxd4 Nf6 5. f3 a6 6. c4 e6 7. Nc3 Be7 8. Be3 O-O 9. Be2 Nbd7 10. O-O Qc7 11. Qd2 b6 12. Rfc1 Bb7 13. b4 Rac8 14. Rab1 Qb8 15. Na4 Rfe8 16. Kh1 g6 17. Nb3 Bd8 18. Nb2 Bc7 19. Bg1 d5 20. cxd5 exd5 21. exd5 Rcd8 22. Rc4 Nxd5 23. Rd4 Bf4 24. Qe1 Be5 25. Qf1 Bxd4 26. Bxd4 Nxb4 27. Nc4 b5 28. Nba5 Nc6 29. Bf2 Nxa5 30. Nxa5 Bd5 31. Bh4 Rc8 32. Nb3 Rc2 33. Rd1 Qa8 34. Bd3 Rxa2 35. Nd4 Qa7 36. Bb1 Bc4 37. Qg1 Rb2 38. Be4 Ne5 39. Qe3 Qc5 40. Qh6 Qd6 41. Qc1 Qa3 42. Bf6 Ra2 43. Qh6 Qf8 44. Qh4 Qd6 45. Qf4 Qxd4 46. Qc1 Qf2 47. Rg1 Qd2 48. Qb1 Qf4 0-1

[Event "XVI Gran Hotel Bali 2017"]
[Site "Benidorm"]
[Date "2017.12.09"]
[Round "10"]
[White "Cantero Navarro, Antonio"]
[Black "Moreno Ibanez, Miguel"]
[Result "1/2-1/2"]
[ECO "B32"]
[WhiteElo "2167"]
[BlackElo "2272"]
[Annotator "NA"]
[PlyCount "102"]
[EventDate "2017.??.??"]
[EventType "swiss"]
[EventCountry "ESP"]
[SourceTitle "playchess.com"]
[Source "ChessBase"]
[SourceQuality "1"]
[TimeControl "5400+30"]

1. e4 c5 2. Nf3 Nc6 3. d4 cxd4 4. Nxd4 e5 5. Nxc6 bxc6 6. Bd3 Bc5 7. O-O Ne7 8. Nc3 Ng6 9. Be3 Qe7 10. Qe2 O-O 11. Rae1 Rb8 12. Na4 Bxe3 13. fxe3 d6 14. Rf2 Be6 15. Ref1 Rb4 16. b3 d5 17. c3 Rbb8 18. b4 a5 19. Nc5 axb4 20. Na6 bxc3 21. Nxb8 Rxb8 22. exd5 cxd5 23. a4 Rb2 24. Qe1 Rxf2 25. Rxf2 Qb4 26. Qb1 Qxb1+ 27. Bxb1 d4 28. exd4 exd4 29. a5 Bc4 30. Rf5 d3 31. Rc5 d2 32. Bc2 Bd3 33. Bd1 c2 34. Rxc2 Bxc2 35. Bxc2 Ne5 36. a6 Nc6 37. Kf2 Kf8 38. Ke2 Ke7 39. Bxh7 d1=Q+ 40. Kxd1 g6 41. Kd2 Kf8 42. Kc3 Kg7 43. Bxg6 fxg6 44. Kc4 Kf6 45. Kc5 Na7 46. Kb6 Nc8+ 47. Kc7 Na7 48. Kb7 Nb5 49. Kb6 Nd6 50. Kc6 Nc8 51. Kc7 Na7 1/2-1/2